Cogmind - Beta 13 @@@ ROGUE MODE // 2024.04.02 @ 19:56:23 Player: Kit Redgrave Result: Destroyed by D-53 Grenadier with Mini Grenade Launcher Performance ------------- Evolutions (0) 0 Regions Visited (2) 400 Robots Destroyed (11) 55 Value Destroyed (222) 222 Prototype IDs (0) 0 Alien Tech Used (0) 0 Bonus (0) 0 TOTAL SCORE: 677 Bonus ------- None Cogmind --------- Core Integrity 0/250 Matter 289/300 Energy 100/100 System Corruption 0% Temperature Cool (0) Movement Walking (120) Location -10/Mines Parts ------- > --- POWER (1) -------- (None) > --- PROPULSION (2) --- Aluminum Leg > --- UTILITY (2) ------ Medium Storage Unit Hacking Suite > --- WEAPON (2) ------- (None) > --- INVENTORY (10) --- Ion Engine Ion Engine Flight Unit Sensor Array Utility Shielding EM Pulse Gun Beam Cannon Assault Rifle Datajack Mining Laser Peak State ------------ > --- POWER ------------ Light Nuclear Core > --- PROPULSION ------- Aluminum Leg Aluminum Leg > --- UTILITY ---------- Medium Storage Unit Hacking Suite > --- WEAPON ----------- EM Pulse Gun Assault Rifle > --- INVENTORY -------- Ion Engine Ion Engine Aluminum Leg Flight Unit Sensor Array Utility Shielding Beam Cannon Grenade Launcher Datajack Mining Laser [Rating: 12] Favorites ----------- Power Ion Engine Engine Ion Engine Power Core Light Nuclear Core Propulsion Aluminum Leg Leg Aluminum Leg Utility Medium Storage Unit Device Sensor Array Storage Medium Storage Unit Hackware Hacking Suite Protection Utility Shielding Weapon EM Pulse Gun Energy Gun EM Pulse Gun Energy Cannon Beam Cannon Ballistic Gun Assault Rifle Launcher Grenade Launcher Build | -11 -10 -10 ------- Run | Yrd Mat Min Slots Evolved . | . . . Power . | . . . Propulsion . | . . . Utility . | . . . Weapon . | . . . Parts Attached 19 | 6 7 6 Power 2 | 1 . 1 Engine 1 | 1 . . Core 1 | . . 1 Reactor . | . . . Propulsion 4 | 2 . 2 Treads . | . . . Leg 4 | 2 . 2 Wheel . | . . . Hover . | . . . Flight . | . . . Utility 5 | 1 4 . Device 1 | . 1 . Storage 2 | 1 1 . Processor . | . . . Hackware 1 | . 1 . Protection 1 | . 1 . Artifact . | . . . Weapon 8 | 2 3 3 Energy Gun 4 | 2 1 1 Energy Cannon 1 | . 1 . Ballistic Gun 1 | . . 1 Ballistic Cannon . | . . . Launcher 2 | . 1 1 Special Weapon . | . . . Impact Weapon . | . . . Slashing Weapon . | . . . Piercing Weapon . | . . . Special Melee Weapon . | . . . Unidentified Prototypes . | . . . Parts Lost 6 | . . 6 Power 1 | . . 1 Propulsion 2 | . . 2 Utility . | . . . Weapon 3 | . . 3 Highest Loss Streak 4 | . . 4 To Critical Strikes . | . . . Average Slot Usage (%) 97 | . 99 96 Engine 6 | . 14 1 Core 7 | . . 12 Leg 27 | . 28 27 Device 1 | . 3 . Storage 14 | . 14 14 Hackware 9 | . 3 14 Protection 2 | . 7 . Energy Gun 15 | . 23 10 Energy Cannon 2 | . 4 1 Ballistic Gun 7 | . . 12 Naked Turns . | . . . Heaviest Build 21 | 14 21 20 Greatest Support 20 | 20 20 20 Greatest Overweight (x) 1 | . 1 1 Average Overweight (x) . | . . . Largest Inventory Capacity 10 | 8 10 10 Average Capacity 9 | 6 9 10 Most Carried 10 | 5 10 10 Average Carried 8 | 2 7 9 Final Capacity 10 | 8 10 10 Final Carried 10 | 2 10 10 Class Distribution -------------------- 87% | Mutant 12% | Scavenger-Mutant Dominant Class ---------------- Mutant | -10/Materials Mutant | -10/Mines Resources | -11 -10 -10 ----------- Run | Yrd Mat Min Matter Collected 412 | 198 124 90 Remotely . | . . . Salvage Created 359 | . 149 210 Parts 24 | . 15 9 Haulers Intercepted . | . . . Recyclers Shooed . | . . . Parts Field Recycled . | . . . Retrieved Matter . | . . . Parts Self-Destructed . | . . . Prevented . | . . . Kills | -11 -10 -10 ------- Run | Yrd Mat Min Combat Hostiles Destroyed 8 | . 3 5 Guns 4 | . 1 3 Cannons 1 | . . 1 AOE 3 | . 2 1 Classes Destroyed 7 | . 4 3 Worker 1 | . 1 . Tunneler 1 | . . 1 Recycler 1 | . 1 . Operator 1 | . 1 . Swarmer 3 | . 3 . Grunt 4 | . . 4 Assembled 1 | . . 1 Best Kill Streak 4 | . 4 2 Combat Bots Only 3 | . 3 2 Max Kills in Single Turn 2 | . 2 1 Gunslinging . | . . . Exploded 1 | . 1 1 Melee . | . . . Uniques/NPCs Destroyed . | . . . Combat | -11 -10 -10 -------- Run | Yrd Mat Min Hostile Shots Fired 58 | . 6 52 Missed 7 | . 1 6 Damage Taken 975 | . 77 898 Core 259 | . 18 241 Absorbed by Shields . | . . . Core Remaining (%) 100 | 100 . . Volleys Fired 28 | . 3 25 Largest 2 | . 2 2 Hottest 100 | . 100 100 Shots Fired 43 | . 6 37 Gun 23 | . 3 20 Cannon 16 | . 1 15 Launcher 4 | . 2 2 Special . | . . . Kinetic 10 | . . 10 Thermal 16 | . 1 15 Explosive 4 | . 2 2 Electromagnetic 13 | . 3 10 Robot Hit Streak 15 | . 2 15 Robot Miss Streak 4 | . 1 4 Penetration Max . | . . . Secondary Targets . | . . . Shots Hit Robots 25 | . 3 22 Core Hits 17 | . 7 10 Critical Kills . | . . . Critical Parts Destroyed . | . . . Critical Strikes 1 | . 1 . Corrupt 1 | . 1 . Melee Attacks . | . . . Impact . | . . . Slashing . | . . . Piercing . | . . . Sneak Attacks . | . . . Combat Hostiles . | . . . Follow-up Attacks . | . . . Damage Inflicted 607 | . 210 397 Guns 181 | . 26 155 Cannons 192 | . 18 174 Explosions 205 | . 166 39 Melee . | . . . Ramming 29 | . . 29 Kinetic 62 | . . 62 Thermal 192 | . 18 174 Explosive 205 | . 166 39 Electromagnetic 119 | . 26 93 Impact . | . . . Slashing . | . . . Piercing . | . . . Highest Corruption . | . . . Average Corruption . | . . . Corruption Purged . | . . . Corruption Blocked . | . . . Overload Shots . | . . . Overflow Damage . | . . . Projectiles . | . . . Explosions . | . . . Melee . | . . . Knockbacks . | . . . Impact . | . . . Kinetic . | . . . Secondary . | . . . Self-Inflicted Damage 39 | . 39 . Shots 2 | . 2 . Rammed . | . . . Targets Rammed 3 | . . 3 Kicked 3 | . . 3 Crushed . | . . . Highest Temperature 328 | . 39 328 Average Temperature 92 | . 15 102 Received Heat Transfer 240 | . . 240 Effects 1 | . . 1 Shutdowns 1 | . . 1 Siege Activations . | . . . Robots Corrupted . | . . . Combat Hostiles . | . . . Parts Fried 1 | . 1 . Impact Corruptions . | . . . Robots Melted . | . . . Combat Hostiles . | . . . Parts Melted . | . . . Heat Transferred 407 | . 37 370 Parts Sabotaged . | . . . Parts Stolen . | . . . Parts Stripped . | . . . Power Chain Reactions . | . . . Alert | -11 -10 -10 ------- Run | Yrd Mat Min Peak Influence 131 | . 121 131 Initial 46 | . . 46 Average 74 | . 86 77 Maximum Alert Level . | . . . Low Security (%) 100 | 100 100 100 Level 1 . | . . . Level 2 . | . . . Level 3 . | . . . Level 4 . | . . . Level 5 . | . . . High Security . | . . . Max Security . | . . . Squads Dispatched . | . . . Investigation . | . . . Extermination . | . . . Reinforcement . | . . . Assault . | . . . Garrison . | . . . Intercept . | . . . Searches Triggered . | . . . Construction Impeded . | . . . Haulers Reinforced . | . . . Active Scanning Responses . | . . . Cargo Convoy Interrupts . | . . . Stealth | -11 -10 -10 --------- Run | Yrd Mat Min Distress Signals 1 | . . 1 Communications Jammed . | . . . Distress Signals . | . . . Times Spotted 12 | . 5 7 Peak Tracking Total 3 | . 3 2 Tactical Retreats . | . . . Traps | -11 -10 -10 ------- Run | Yrd Mat Min Traps Triggered . | . . . Indirectly . | . . . Trap Hack Attempts . | . . . Triggered . | . . . Disarmed . | . . . Reprogrammed . | . . . Reused . | . . . Traps Extracted . | . . . Installed . | . . . Triggered . | . . . Machines | -11 -10 -10 ---------- Run | Yrd Mat Min Machines Disabled . | . . . Max in Single Turn . | . . . Machines Repaired . | . . . Machines Dismantled . | . . . Machines Sabotaged . | . . . Overloaded Fab Kills . | . . . Hacking | -11 -10 -10 --------- Run | Yrd Mat Min Machines Accessed 2 | . 2 . Terminals 2 | . 2 . Fabricators . | . . . Repair Stations . | . . . Recycling Units . | . . . Scanalyzers . | . . . Garrison Access . | . . . Total Hacks 5 | . 5 . Successful 5 | . 5 . Failed . | . . . Catastrophic . | . . . Database Lockouts . | . . . Manual 1 | . 1 . Terminals 5 | . 5 . Fabricators . | . . . Repair Stations . | . . . Recycling Units . | . . . Scanalyzers . | . . . Garrison Access . | . . . Terminal Hacks 5 | . 5 . Fabricator Index 1 | . 1 . Scanalyzer Index 1 | . 1 . Alert Level 1 | . 1 . Locate Traps 1 | . 1 . Zone Layout 1 | . 1 . Fabricator Hacks . | . . . Repair Station Hacks . | . . . Recycling Unit Hacks . | . . . Scanalyzer . | . . . Garrison Access Hacks . | . . . Unauthorized Hacks . | . . . Terminals . | . . . Fabricators . | . . . Repair Stations . | . . . Recycling Units . | . . . Scanalyzers . | . . . Garrison Access . | . . . Data Cores Recovered 1 | . 1 . Used 1 | . 1 . Hacking Detections 2 | . 2 . Full Trace Events . | . . . Feedback Events . | . . . Feedback Blocked . | . . . Robot Schematics Acquired . | . . . Robots Built . | . . . Authchips . | . . . Time . | . . . Total Robot Build Rating . | . . . Part Schematics Acquired . | . . . Parts Built . | . . . Authchips . | . . . Time . | . . . Total Part Build Rating . | . . . Parts Repaired . | . . . Time . | . . . Parts Recycled . | . . . Recycled Matter . | . . . Retrieved Matter . | . . . Retrieved Components . | . . . Parts Scanalyzed . | . . . Part Schematics Acquired . | . . . Parts Damaged . | . . . Bothacking | -11 -10 -10 ------------ Run | Yrd Mat Min Used RIF Installer . | . . . Robots Hacked . | . . . Non-combat . | . . . Combat . | . . . Robot Hacks Applied . | . . . Relay Couplers Released . | . . . Fabnet Peak Effective % . | . . . Robots Rewired . | . . . Allies Hacked . | . . . Hacks Repelled . | . . . Allies | -11 -10 -10 -------- Run | Yrd Mat Min Total Allies . | . . . Largest Group . | . . . Highest-Rated Group . | . . . Highest-Rated Ally . | . . . Total Orders . | . . . Ally Attacks . | . . . Total Damage . | . . . Kills . | . . . Allies Corrupted . | . . . Allies Melted . | . . . Intel | -11 -10 -10 ------- Run | Yrd Mat Min Robot Analysis Total . | . . . Derelict Logs Recovered . | . . . Drone Launches . | . . . Drone Recoveries . | . . . Exploration | -11 -10 -10 ------------- Run | Yrd Mat Min Turns Passed 854 | 66 317 471 Spaces Moved 566 | 33 225 308 Core 12 | 12 . . Treads . | . . . Legs 554 | 21 225 308 Wheels . | . . . Hover . | . . . Flight . | . . . Fastest Speed 50 | 50 120 120 Average Speed 120 | 94 124 120 Slowest Speed 190 | 120 190 190 Overloaded Moves . | . . . Propulsion Burnouts . | . . . Robots Hopped . | . . . Cave-ins Triggered . | . . . Exploration Rate (%) 28 | 5 36 43 Regions Visited 2 Branch Regions 1 Pre-discovered Areas . | . . . Known Exits Taken . | . . . Unknown Exits Taken 2 | 1 1 . Scrap Searched 1 | . . 1 Spaces Dug . | . . . Terrain Destroyed 22 | . 15 7 Melee . | . . . Projectile . | . . . AOE 22 | . 15 7 Terrain Rammed . | . . . Walls Destroyed . | . . . Machines Disabled . | . . . Actions | -11 -10 -10 --------- Run | Yrd Mat Min Total 689 | 66 255 368 Wait 51 | 23 8 20 Move 564 | 32 224 308 Hop . | . . . Pick Up 20 | 5 11 4 Fast Attach 3 | 3 . . Attach 6 | 3 1 2 Detach . | . . . Swap 10 | . 6 4 Drop 4 | . 2 2 Fire 28 | . 3 25 Melee . | . . . Ram . | . . . Kick 3 | . . 3 Crush . | . . . Escape Stasis . | . . . Rewire . | . . . Trap . | . . . Miscellaneous . | . . . Route ------- -11/Scrapyard -10/Materials -10/Mines History --------- Turn | Location | Event 14 | -11/Scrapyard | Discovered new exit (range 16) 67 | -11/Scrapyard | Entered Materials 184 | -10/Materials | Discovered new exit (range 16) 304 | -10/Materials | Build established: Mutant 384 | -10/Materials | Entered Mines 386 | -10/Mines | Met a Derelict bent on vengeance 757 | -10/Mines | Assembled infested the area 762 | -10/Mines | Assisted by a Guerilla fighting off Assembled 836 | -10/Mines | Core integrity fell below 50% 850 | -10/Mines | Core integrity fell below 20% 855 | -10/Mines | Destroyed by D-53 Grenadier with Mini Grenade Launcher Last Messages --------------- 00741_ Acquired Aluminum Leg. 00746_ Dropped Aluminum Leg. 00757_ ALERT: Infestation in the mines, dispatching Demolisher response squad. 00762_ A derelict emerges from the shadows: "You need to get out of here! I've been tracking a group of Assembled to figure out where they're coming from, and they're closing on this area, come on!" 00777_ Searching scrap... 00777_ Found Assault Rifle. 00777_ Found 22 Matter. 00778_ Acquired 20 matter. 00797_ as-60503 destroyed. 00805_ Acquired 2 matter. 00807_ Acquired Assault Rifle. 00821_ Acquired 12 matter. 00837_ Grenade Launcher destroyed. 00842_ Assault Rifle destroyed. 00846_ The unstable cave ceiling collapses. 00847_ Lgt. Nuclear Core destroyed. 00850_ The unstable cave ceiling collapses. 00851_ Aluminum Leg destroyed. 00852_ The unstable cave ceiling collapses. Map ----- +----------------------------------------------------+ | ???????????????????????????????????????????????# | | ???????????????????????????????????????????????# | | ????????????????????????#??????????????????????## | | ??????????????????????? #### "????????????#?????## | | ??????????????????????# "" ???????????? #?????# | | ?????????????????????#" ??????????? #??### | | ?????????????????#??# ??????????? ??# | | ????????????????? ## ?????????? ??# # | | ????????????????? # ??????????# ??# # | | ?????????????##### " %?????#????# #??# | | ?????????????# # % ???? ????# #??# # | | ????????????## %?????? ????#[#??# # | | ?????????#### #?????????# #???#!#??# # | | ???????### #???????????# #???#%#### # | | ???????# ##???????????# #???# %% # | | ???????# # # # #????????????# #???#=###### | | ?????????### ### #????????????# #???# #????? | | ???????????## #????????????# #???# #????? | | ???????????## d #????????????# #???# #????? | | ??????????## d #????????????# #??## #????? | | ??????????# ##????????????# #### ##???? | | ??????????# ##??????????## #???? | | ??????????# # ###??????### #??? | | ??????????# ## #????### ##### #??? | | ??????????# ?## #???## ##???## #??? | | ??????????# ???# @##### #?????# ##??? | | ?????????? ???# ##????? ##???? | | ??????????"""???# ##?????? #????? | | ????????? """???# #### ##??????? #????? | | ????????????????#### #####??####???????? #????? | | ???????????????????#####?????????????????? #????? | | ?????????????????????????????????????????? #?????? | | ??????????????????????????????????????????#??????? | | ?????????????????????????????????????????????????? | | ?????????????????????????????????????????????????? | | ?????????????????????????????????????????????????? | | | | | | | | | | | | | | | | | | | | | | | | | | | | | +----------------------------------------------------+ Best States ------------- Heat Dissipation 25 Energy Generation 14 Energy Capacity 250 Matter Stores 300 Matter Capacity 300 Sight Range 16 Robot Scan Range 14 Terrain Scan Density 10 Utility Shielding 33 Evasion (%) 55 Offensive Hacking 10 Item Schematics ----------------- None Robot Schematics ------------------ None Fabricated ------------ Nothing Alien Tech Used ----------------- None Achievements -------------- None Challenges ------------ None Game ------ Seed ConstructMiningSubcomponent Manual? 0 Play Time 00:16:12 Cumulative 2.3 hours Start 2024.04.02 @ 19:40:14 End 2024.04.02 @ 19:56:23 Sessions 1 Manual Loads 0 Difficulty Rogue Special Mode None Game No. 8 Rogue 8 Adventurer 0 Explorer 0 Win Type - Total 0 Types 0/0/0/0/0/0/0/0/0 Lore% 10 Gallery% 8 Achievement% 9 Wizard Run 0 Options --------- Layout 0 ASCII 0 Keyboard 0 Movement Mouse Keybinds 0 Fullscreen 1 Font 24/Terminus Map View 113x50 Zoom Use 0% Tactical HUD 1 Map Filters NONE Filters NONE Steam 1 RUN: b6ac8aea-8907-42cd-96e1-65c5f5161938